 Dungeon Crawl Stone Soup version 0.27-a0-972-gd1521fd518 (webtiles) character file.

Game seed: 6807400817013679956

9 Alarkh the Insei (level 2, 0/21 HPs)
             Began as a Demonspawn Transmuter on Apr 13, 2021.
             Slain by a black bear (7 damage)
             ... on level 2 of the Dungeon.
             The game lasted 00:00:27 (704 turns).

Alarkh the Insei (Demonspawn Transmuter)             Turns: 704, Time: 00:00:27

Health: 0/21       AC:  2    Str: 10    XL:     2   Next: 6%
Magic:  2/5        EV: 12    Int: 14    God:
Gold:   58         SH:  0    Dex: 13    Spells: 4/5 levels left

rFire    + . .     SeeInvis .     - Unarmed
rCold    + . .     Faith    .   (no shield)
rNeg     . . .     Spirit   .   a - +0 robe
rPois    +         Reflect  .   (helmet currently unavailable)
rElec    +         Harm     .   (no cloak)
rCorr    +         Rampage  .   (no gloves)
Will     .....                  (boots currently unavailable)
Stlth    +.........             (no amulet)
HPRegen  0.07/turn              (no ring)
MPRegen  0.09/turn              (no ring)

@: appendages (expiring), resistant
A: horns 2, ([talons 0]), hooves 1
a: End Transformation


You were on level 2 of the Dungeon.
You had temporarily grown beastly horns and talons.
You visited 1 branch of the dungeon, and saw 2 of its levels.

You collected 58 gold pieces.

Inventory:

Armour
 a - a +0 robe (worn)
Scrolls
 b - a scroll of noise {unknown}
 c - a scroll of blinking {unknown}


   Skills:
 + Level 1.2 Fighting
 - Level 1.7 Dodging
 * Level 2.9 Unarmed Combat
 + Level 2.1 Spellcasting
 + Level 1.9 Transmutations


You had 4 spell levels left.
You knew the following spells:

 Your Spells              Type           Power      Damage    Failure   Level
a - Beastly Appendage     Tmut           14%        N/A       11%         1

Your spell library contained the following spells:

 Spells                   Type           Power      Damage    Failure   Level
 Wereblood                Tmut           7%         N/A       16%         2
 Spider Form              Tmut/Pois      2%         N/A       43%         3
 Confusing Touch          Hex            1%         N/A       56%         3
 Gell's Gravitas          Tloc           0%         N/A       56%         3
 Ice Form                 Ice/Tmut       4%         N/A       83%         4
 Petrify                  Tmut/Erth      4%         N/A       83%         4
 Hydra Form               Tmut           3%         N/A       96%         5
 Yara's Violent Unravell  Hex/Tmut       2%         3d3       99%         5
 Metabolic Englaciation   Hex/Ice        0%         N/A       100%        5


Dungeon Overview and Level Annotations

Branches:
Dungeon (2/15)

Altars:


Innate Abilities, Weirdness & Mutations

You have temporarily grown beastly horns and talons.
You have large cloven feet.


Message History

Unknown command.
It was a potion of resistance.
You feel protected. The kobold hits you but does no damage.
Your transformation is almost over.
Casting: Beastly Appendage (safe; 11% risk of failure)
Confirm with . or Enter, or press ? or * to list all spells.
You extend your transformation's duration.
The kobold throws a stone.
The stone closely misses you.
Unknown command.
Casting: Beastly Appendage (safe; 11% risk of failure)
Confirm with . or Enter, or press ? or * to list all spells.
You extend your transformation's duration.
Unknown command.
You barely miss the kobold. You headbutt the kobold.
You kill the kobold!
You closely miss the black bear. You kick the black bear.
The black bear is lightly wounded.
The black bear closely misses you. The black bear claws you. x2
You hit the black bear. Your kick misses the black bear.
The black bear is moderately wounded.
The black bear bites you.
The black bear claws you but does no damage.
The black bear barely misses you.
You hit the black bear. You headbutt the black bear.
The black bear is heavily wounded.
The black bear bites you. The black bear misses you. The black bear claws you.
You closely miss the black bear.
The black bear is heavily wounded.
The black bear closely misses you. The black bear claws you.
The black bear claws you but does no damage.
You closely miss the black bear.
The black bear is heavily wounded.
The black bear misses you. The black bear completely misses you.
The black bear closely misses you.
You hit the black bear. Your headbutt misses the black bear.
The black bear is severely wounded.
Your transformation is almost over.
The black bear bites you!
You die...

#.# #.## ###..
.. #.... ..
#.#.# .. #.#.#
.##
#.#.#####..###
#.<..........#
#@####........
#h# #...##+.P
#.# #$.P.....
#.####..#.....
#[..h...#.....
######..P..(..
...#....P
#..#.PP.. #...
####


You could see a black bear.

Vanquished Creatures
  An endoplasm (D:1)
  A hobgoblin (D:2)
  2 kobolds
  A quokka (D:1)
  A ball python (D:1)
  A bat (D:1)
  A frilled lizard (D:1)
  A rat (D:1)
9 creatures vanquished.

Notes
Turn   | Place    | Note
-------+----------+-------------------------------------------
     0 | D:1      | Alarkh the Demonspawn Transmuter began the quest for the
                  | Orb.
     0 | D:1      | Reached XP level 1. HP: 15/15 MP: 3/3
   239 | D:1      | Found a faded altar of an unknown god.
   679 | D:2      | Noticed a black bear
   684 | D:2      | Lost mutation: You have razor-sharp toenails. [demonic
                  | ancestry]
   684 | D:2      | Lost mutation: You have sharp toenails. [demonic ancestry]
   684 | D:2      | Gained mutation: You have large cloven feet. [demonic
                  | ancestry]
   684 | D:2      | Reached XP level 2. HP: 21/21 MP: 3/5
   704 | D:2      | Slain by a black bear

Illustrated notes

Levels and vault maps discovered:
D:1:      dpeg_arrival_more_subterranean_lakeside_camping, layout_basic,
          shapermc_ecumenical_altar_mp_vishouse
D:2:      cheibrodos_old_hovel, layout_basic

Action                   || total
-------------------------++-------
Melee: Unarmed           ||    26
       Kick              ||     5
       Headbutt          ||     2
 Cast: Beastly Appendage ||     9
  Use: Potion            ||     1
Armor: Robe              ||     9
Dodge: Dodged            ||    13

Table legend: (Time is in decaauts)
 A = Elapsed time spent in this place.
 B = Non-inter-level travel time spent in this place.
 C = Inter-level travel time spent in this place.
 D = Time resting spent in this place.
 E = Time spent auto-exploring this place.
 F = Levels seen in this place.
 G = Mean time per level.
                   A        B        C        D        E       F      G
               +--------+--------+--------+--------+--------+-----+--------+
         Total |    703 |    678 |     25 |      0 |    608 |   2 |  351.5 |
       Dungeon |    703 |    678 |     25 |      0 |    608 |   2 |  351.5 |
               +--------+--------+--------+--------+--------+-----+--------+

Top non-repeatable levels by time:
     D:1: 669 daAuts
     D:2: 34 daAuts
